 Dungeon Crawl Stone Soup version 0.18-a0-1797-gc18daef (webtiles) character file.

29 macross the Sneak (level 3, 0/16 HPs)
             Began as a Spriggan Enchanter on Apr 23, 2016.
             Slain by Sigmund
             ... wielding a +0 scythe of protection
              (12 damage)
             ... on level 2 of the Dungeon.
             The game lasted 00:04:44 (1478 turns).

macross the Sneak (Spriggan Enchanter)              Turns: 1478, Time: 00:04:44

Health: 0/16       AC:  3    Str:  5    XL:     3   Next: 1%
Magic:  7/8        EV: 18    Int: 16    God:
Gold:   125        SH:  0    Dex: 16    Spells: 1 memorised, 6 levels left

rFire  . . .     SeeInvis +     a - +1 dagger
rCold  . . .     Gourm    .     b - +1 robe
rNeg   . . .     Faith    .     (shield restricted)
rPois  .         Spirit   .     (helmet restricted)
rElec  .         Dismiss  .     (no cloak)
rCorr  .         Reflect  .     (gloves unavailable)
SustAt .         Harm     .     (boots unavailable)
MR     .....                    (no amulet)
Stlth  ++++......               (no ring)
                                (no ring)

@: very quick, not resistant to hostile enchantments, stealthy
A: unfitting armour, see invisible, herbivore 3, speed 3, slow metabolism 2
a: no special abilities


You were on level 2 of the Dungeon.
You were not hungry.

You visited 1 branch of the dungeon, and saw 2 of its levels.

You collected 125 gold pieces.

Inventory:

Hand Weapons
 a - a +1 dagger (weapon)
Armour
 b - a +1 robe (worn)
Scrolls
 f - a scroll of identify {unknown}
 i - 2 scrolls of remove curse {unknown}
 j - a scroll of immolation {unknown}
 k - a scroll of teleportation {unknown}
Potions
 e - a potion of curing {unknown}
 g - 2 potions of degeneration {unknown}
 h - a potion of agility {unknown}
 l - 2 potions of cure mutation {unknown}
 m - a potion of flight {unknown}
Books
 c - a book of Maledictions

   Spells                             Type                      Level
   a - Corona                         Hexes                        1
   b - Ensorcelled Hibernation        Hexes/Ice                    2
   c - Confuse                        Hexes                        3
   d - Tukima's Dance                 Hexes                        3
   e - Dazzling Spray                 Conjuration/Hexes            3
Comestibles
 d - a bread ration
 n - a slice of pizza


   Skills:
 * Level 1.7 Short Blades
 + Level 3.2 Dodging
 * Level 5.9 Stealth
 - Level 2.6 Spellcasting
 - Level 3.6 Hexes


You had 6 spell levels left.
You knew the following spells:

 Your Spells              Type           Power        Failure   Level  Hunger
a - Corona                Hex            ##.....      6%          1    #......


Dungeon Overview and Level Annotations

Branches:
Dungeon (2/15)

Altars:

Annotations:
D:2 Sigmund


Innate Abilities, Weirdness & Mutations

You are tiny and cannot use many weapons and most armour.
You have supernaturally acute eyesight.
You are a herbivore.
You cover ground extremely quickly.
You need consume almost no food.


Message History

You hit Sigmund but do no damage.
Sigmund is lightly wounded.
Sigmund stops glowing.
You hit Sigmund but do no damage.
Sigmund is lightly wounded.
Sigmund misses you.
You barely miss Sigmund.
Sigmund is lightly wounded.
Sigmund misses you.
Casting: Corona
Confirm with . or Enter, or press ? or * to list all spells.
Aiming: Corona
Press: ? - help, Shift-Dir - straight line, f/p - Sigmund
Aim: Sigmund, wielding a scythe of protection and wearing a robe (lightly wounded, slightly transparent, chance to defeat MR: 58%) Sigmund is outlined in light.
You hit Sigmund but do no damage.
Sigmund is lightly wounded.
Sigmund hits you with a scythe of protection!
Ouch! That really hurt!
You die...

#.# #.#
#.# #.#
#.# #.#
#.#####
#@#...##
#.@....#
#......#
##.....#
##...##
##.##
#.# #.#
#.# #.#


You could see Sigmund (invisible).

Vanquished Creatures
  2 giant geckos
  4 giant cockroaches
  5 goblins
  2 hobgoblins
  2 ball pythons (D:1)
  A bat (D:1)
  4 giant newts
  2 kobolds (D:1)
  4 rats
26 creatures vanquished.

Notes
Turn   | Place    | Note
--------------------------------------------------------------
     0 | D:1      | macross the Spriggan Enchanter began the quest for the Orb.
     0 | D:1      | Reached XP level 1. HP: 9/9 MP: 5/5
   145 | D:1      | Reached skill level 5 in Stealth
   181 | D:1      | Reached XP level 2. HP: 9/13 MP: 6/6
  1415 | D:2      | Reached XP level 3. HP: 16/16 MP: 8/8
  1443 | D:2      | Noticed Sigmund
  1478 | D:2      | Slain by Sigmund

Vault maps used:
D:1:      dpeg_arrival_simpleton_b
D:2:      uniq_sigmund

Skill      XL: |  1 |
---------------+----+-----
Stealth        | 5 |  5.9
Short Blades   | |  1.7
Dodging        | |  3.2
Spellcasting   | |  2.6
Hexes          | |  3.6

Action                   || total
-------------------------++-------
Melee: Dagger            ||    88
 Cast: Corona            ||     2
 Stab: Sleeping          ||     8
       Distracted        ||     2
Armor: Robe              ||     8
Dodge: Dodged            ||    45
